AoeStats
← HR Pinkman

Arena

506994698Analyzed
4v4 RM · 16d ago on Sep 16, 2026· 43m 26s· 8 players
Game mode
Random Map
Map size
Large (8 player)
Population
200
Speed
Normal
Resources
Standard
Victory
Conquest
Starting age
Dark Age
Ending age
Imperial Age
RankedLock teamsTeams togetherTeam positionsShared explorationLock speedFull tech treeHidden civsTurbo modeCheats
Victory
Defeat
🇨🇱 Ethiopians · Chile
1842
+6
🇨🇱 Mongols · Chile
1835
+7
🇨🇱 Goths · Chile
1810
+7
🇨🇱 Romans · Chile
1756
+9
🇲🇽 Jurchens · Mexico
1675
-9
🇪🇨 Maya · Ecuador
1612
-8
1567
-6
🇺🇸 Bulgarians · United States
1543
-6
Fontana Bella
10:51 Feudal Age
14:37 Castle Age
12:30 Double-Bit Axe
12:54 Horse Collar
16:35 Light Cavalry
17:43 Loom
23:16 Wheelbarrow
25:17 Hand Cart
30:49 Bow Saw
31:12 Forging
31:06 Husbandry
33:52 Imperial Age
31:08 Town Watch
32:02 Scale Barding Armor
32:09 Bloodlines
33:08 Chain Barding Armor
33:02 Heavy Plow
32:53 Gold Mining
34:11 Iron Casting
34:14 Hussar
35:30 Plate Barding Armor
39:01 Masonry
39:36 Conscription
DS_SayGG
8:32 Feudal Age
8:29 Loom
9:37 Double-Bit Axe
25:16 Horse Collar
28:54 Castle Age
27:15 Horse Collar
30:05 Bow Saw
31:10 Fletching
34:16 Wheelbarrow
33:33 Gold Mining
33:34 Stone Mining
bryjet06
10:28 Feudal Age
14:45 Castle Age
12:58 Horse Collar
13:51 Double-Bit Axe
16:06 Bow Saw
20:07 Man-at-Arms
21:28 Long Swordsman
22:39 Scale Mail Armor
26:29 Stone Mining
26:58 Gold Mining
27:42 Chain Mail Armor
28:19 Wheelbarrow
32:59 Imperial Age
30:34 Fletching
30:45 Padded Archer Armor
31:56 Stone Shaft Mining
30:48 Elite Skirmisher
31:58 Hul'che Javelineers
31:57 Bodkin Arrow
33:08 Leather Archer Armor
33:48 Bracer
34:21 Ring Archer Armor
34:55 Chemistry
34:22 Ballistics
35:27 Elite Plumed Archer
36:31 Conscription
35:44 Capped Ram
36:41 Siege Ram
CTM | black forest best map
11:07 Feudal Age
14:47 Castle Age
12:33 Horse Collar
12:53 Double-Bit Axe
16:14 Forging
22:22 Loom
26:43 Wheelbarrow
32:45 Imperial Age
31:30 Heavy Plow
31:47 Hand Cart
33:46 Bow Saw
34:09 Onager
36:18 Scale Barding Armor
36:49 Iron Casting
36:17 Husbandry
36:27 Bloodlines
35:58 Onager
39:29 Chain Barding Armor
41:30 Two-Man Saw
41:49 Plate Barding Armor
42:14 Blast Furnace
HR nomadplayer
10:40 Feudal Age
11:52 Loom
14:43 Castle Age
13:00 Horse Collar
13:23 Double-Bit Axe
15:14 Loom
17:54 Scale Mail Armor
21:49 Squires
24:49 Forging
27:35 Iron Casting
30:41 Bow Saw
31:42 Heavy Plow
33:50 Wheelbarrow
33:42 Gold Mining
36:34 Stone Mining
37:04 Hand Cart
40:44 Imperial Age
38:52 Caravan
39:29 Anarchy
40:21 Town Watch
41:14 Chain Mail Armor
41:30 Elite Huskarl
42:31 Conscription
42:42 Perfusion
43:21 Conscription
HR itu
10:19 Feudal Age
9:36 Loom
13:51 Castle Age
12:09 Double-Bit Axe
12:57 Horse Collar
15:07 Bow Saw
24:36 Wheelbarrow
25:47 Heavy Plow
27:17 Gold Mining
32:10 Imperial Age
29:29 Crossbowman
30:00 Fletching
31:08 Gold Shaft Mining
30:57 Bodkin Arrow
32:06 Ballistics
31:50 Padded Archer Armor
32:27 Thumb Ring
32:15 Arbalester
32:57 Bracer
34:44 Chemistry
35:02 Hand Cart
36:29 Leather Archer Armor
38:07 Ring Archer Armor
38:09 Torsion Engines
38:30 Conscription
40:30 Two-Man Saw
41:08 Siege Engineers
HR Pinkman
11:16 Feudal Age
12:20 Double-Bit Axe
14:48 Castle Age
12:46 Horse Collar
15:42 Bow Saw
14:54 Light Cavalry
16:21 Loom
22:11 Wheelbarrow
23:53 Stone Mining
25:49 Hand Cart
25:36 Heavy Plow
25:22 Loom
27:41 Stone Shaft Mining
26:58 Gold Mining
29:51 Imperial Age
27:56 Bloodlines
28:42 Husbandry
29:52 Elite Mangudai
30:53 Conscription
30:24 Fletching
31:06 Bodkin Arrow
31:24 Thumb Ring
31:52 Ballistics
31:54 Bracer
31:54 Padded Archer Armor
33:55 Chemistry
33:06 Masonry
34:20 Leather Archer Armor
34:40 Drill
34:07 Capped Ram
35:05 Siege Ram
36:41 Scale Barding Armor
38:46 Coinage
39:57 Chain Barding Armor
39:48 Forging
42:24 Siege Engineers
neromelnick
6:08 Loom
8:21 Feudal Age
8:56 Double-Bit Axe
8:54 Horse Collar
23:40 Castle Age
22:28 Gold Mining
24:45 Bow Saw
24:38 Heavy Plow
28:52 Fletching
30:18 Wheelbarrow
29:29 Town Watch
31:28 Hand Cart
36:39 Imperial Age
35:05 Ballistics
34:55 Masonry
34:42 Bodkin Arrow
34:47 Padded Archer Armor
36:01 Gold Shaft Mining
36:44 Scale Barding Armor
36:50 Forging
38:12 Chain Barding Armor
37:54 Husbandry
38:04 Bloodlines
37:15 Light Cavalry
39:11 Chemistry
38:17 Siege Engineers
38:55 Heavy Scorpion
40:07 Architecture
40:26 Plate Barding Armor
40:27 Iron Casting
39:58 Caravan
40:29 Coinage
42:57 Crop Rotation
42:59 Conscription
43:00 Ballistas
43:16 Conscription
44:46 Blast Furnace
43:48 Scale Mail Armor
44:03 Leather Archer Armor
Connection lost

Rejoining the realm…

Still unreachable

The connection could not be restored.

Session expired

The server has moved on; the page needs a fresh start.